 Dungeon Crawl Stone Soup version 0.19-a0-628-g9200b3b (webtiles) character file.

63 georgeearnest the Skirmisher (level 4, -4/40 HPs)
             Began as a Hill Orc Fighter on June 13, 2016.
             Slain by tstbtto's ghost (16 damage)
             ... on level 3 of the Dungeon.
             The game lasted 00:01:58 (1142 turns).

georgeearnest the Skirmisher (Hill Orc Fighter)     Turns: 1142, Time: 00:01:59

Health: -4/40      AC:  7    Str: 24    XL:     4   Next: 9%
Magic:  4/4        EV:  8    Int:  8    God:
Gold:   107        SH:  9    Dex: 10    Spells: 0 memorised, 3 levels left

rFire  . . .     SeeInvis .     a - +0 war axe
rCold  . . .     Gourm    .     b - +0 scale mail
rNeg   . . .     Faith    .     c - +0 shield
rPois  .         Spirit   .     (no helmet)
rElec  .         Dismiss  .     (no cloak)
rCorr  .         Reflect  .     (no gloves)
SustAt .         Harm     .     (no boots)
MR     .....                    (no amulet)
Stlth  ..........               (no ring)
                                i - ring of wizardry

@: mighty, not resistant to hostile enchantments, extremely unstealthy
A: no striking features
a: no special abilities


You were on level 3 of the Dungeon.
You were not hungry.

You visited 1 branch of the dungeon, and saw 3 of its levels.

You collected 107 gold pieces.

Inventory:

Hand Weapons
 a - a +0 war axe (weapon)
Armour
 b - a +0 scale mail (worn)
 c - a +0 shield (worn)
Jewellery
 i - a ring of wizardry (left hand)
Scrolls
 e - 5 scrolls of remove curse {unknown}
 g - 4 scrolls of identify {unknown}
Potions
 d - a potion of might
 h - a potion of curing {unknown}
 j - a potion of ambrosia {unknown}
 k - 4 potions of degeneration {unknown}
Comestibles
 f - 4 bread rations
 l - 4 meat rations


   Skills:
 + Level 4.0 Fighting
 + Level 3.3 Axes
 + Level 3.9 Armour
 + Level 0.8 Dodging
 + Level 3.9 Shields


You had 3 spell levels left.
You didn't know any spells.

Dungeon Overview and Level Annotations

Branches:
Dungeon (3/15)

Altars:
Yredelemnul

Annotations:
D:3 tstbtto's ghost, amateur CeBe


Message History

Here: tstbtto's ghost The floor.
You feel very mighty all of a sudden.
The giant frog croaks.
Tstbtto's ghost says, "You will never get the ORB!"
Tstbtto's ghost closely misses you.
You slash tstbtto's ghost!
Tstbtto's ghost is moderately damaged.
Tstbtto's ghost hits you!
An orc comes into view.
The orc shouts!
You hit tstbtto's ghost but do no damage.
Tstbtto's ghost is moderately damaged.
Tstbtto's ghost hits you!
* * * LOW HITPOINT WARNING * * *
Tstbtto's ghost hits you but does no damage.
You closely miss tstbtto's ghost.
Tstbtto's ghost is moderately damaged.
Tstbtto's ghost hits you!
You die...

#.# ###### #.# #....#
#.# .. #....# #.#
....###....####.######.
..o..FW@...............
o#..###..............#
#.........†....+
#.##...........#
#.#....<#...#....
#.#..............
#.#########.#.### #..
.#.# ... .# #


You could see a giant frog, an orc wizard (wandering), tstbtto's ghost and an
orc.

Vanquished Creatures
  2 adders
  2 dart slugs (D:1)
  A giant gecko (D:1)
  4 giant cockroaches
  3 goblins (D:1)
  6 hobgoblins
  2 kobolds (D:2)
  A quokka (D:2)
  A ball python (D:1)
  6 bats
  2 giant newts (D:1)
  9 rats
39 creatures vanquished.

Notes
Turn   | Place    | Note
--------------------------------------------------------------
     0 | D:1      | georgeearnest the Hill Orc Fighter began the quest for the Orb.
     0 | D:1      | Reached XP level 1. HP: 19/19 MP: 1/1
   208 | D:1      | Reached XP level 2. HP: 22/27 MP: 2/2
   454 | D:1      | Reached XP level 3. HP: 33/33 MP: 3/3
   699 | D:2      | Found a faded altar of an unknown god.
   957 | D:2      | Found a basalt altar of Yredelemnul.
  1126 | D:3      | Reached skill level 4 in Fighting
  1126 | D:3      | Reached XP level 4. HP: 37/40 MP: 4/4
  1137 | D:3      | Noticed tstbtto's ghost (amateur CeBe)
  1138 | D:3      | Noticed a giant frog
  1142 | D:3      | Slain by tstbtto's ghost

Vault maps used:
D:1:      lightli_arrival_statue_moat
D:2:      first_bread, ecumenical_altar_2, yredelemnul_altar_generic
D:3:      grunt_temple_overflow_holy_war,
          grunt_temple_overflow_forces_of_nature, old_standard_altar,
          okawaru_trees_1, uniq_terence, uniq_natasha, uniq_iyjb

Skill      XL: |  1  2  3 |
---------------+----------+-----
Axes           | 3 |  3.3
Fighting       | 4 |  4.0
Armour         | |  3.9
Dodging        | |  0.8
Shields        | |  3.9

Action                   |  1- 3 |  4- 6 || total
-------------------------+-------+-------++-------
Melee: War axe           |    95 |     3 ||    98
  Use: Potion            |       |     1 ||     1
  Eat: Bread ration      |     1 |       ||     1
Armor: Scale mail        |    51 |     1 ||    52
Dodge: Dodged            |    23 |     1 ||    24
Block: Shield            |    59 |       ||    59
